 Dungeon Crawl Stone Soup version 0.30-a0-377-g5cb311bc9f (webtiles) character file.

Game seed: 4515219009952568089

7007 greynaab the Reanimator (level 10, -12/63 HPs)
             Began as a Mummy Necromancer on Nov 29, 2022.
             Was an Elder of Makhleb.
             Killed by divine providence
             ... invoked by an orc priest
              (13 damage)
             ... on level 10 of the Dungeon.
             The game lasted 00:48:58 (8326 turns).

greynaab the Reanimator (Mummy Necromancer)         Turns: 8326, Time: 00:48:59

Health: -12/63     AC: 10    Str: 13    XL:     10   Next: 82%
Magic:  17/22      EV: 11    Int: 25    God:    Makhleb [****..]
Gold:   581        SH: 11    Dex: 18    Spells: 13/25 levels left

rFire   x . .      SeeInvis .    b - +1 war axe (vamp)
rCold   + + .      Faith    +    y - +0 kite shield
rNeg    + + +      Spirit   .    z - +0 steam dragon scales
rPois   ∞          Reflect  .    l - +2 helmet "Deul" {*Slow rC+ Int+7}
rElec   .          Harm     .    x - +1 cloak
rCorr   .          Rampage  .    (no gloves)
Will    +....                    (no boots)
Stlth   ++........               g - amulet of magic regeneration
HPRegen 0.30/turn                q - +6 ring of dexterity
MPRegen 0.58/turn                s - ring of wizardry

@: very slightly contaminated
A: cold resistance 1, negative energy resistance 3, torment resistance 2, heat
vulnerability 1, in touch with death 1, no potions, faith
a: Renounce Religion, Minor Destruction, Lesser Servant of Makhleb, Major
Destruction


You were on level 10 of the Dungeon.
You worshipped Makhleb.
Makhleb was greatly pleased with you.
You visited 1 branch of the dungeon, and saw 10 of its levels.

You collected 581 gold pieces.

Inventory:

Hand Weapons
 b - a +1 vampiric war axe (weapon)
 f - a +0 broad axe
 m - a +1 whip of venom
Missiles
 d - 6 curare-tipped darts
 h - 9 boomerangs (quivered)
 k - a javelin
Armour
 l - the +2 helmet "Deul" (worn) {*Slow rC+ Int+7}
   (You found it on level 9 of the Dungeon)

   Int:       It affects your intelligence (+7).
   rC:        It protects you from cold.
   *Slow:     It may slow you when you take damage.
 x - a +1 cloak (worn)
 y - a +0 kite shield (worn)
 z - +0 steam dragon scales (worn)
Magical Staves
 a - a staff of death
Jewellery
 g - an amulet of magic regeneration (around neck)
 i - an amulet of guardian spirit
 p - a ring of flight
 q - a +6 ring of dexterity (left hand)
 s - a ring of wizardry (right hand)
 v - a ring of resist corrosion
Wands
 c - a wand of iceblast (21)
Scrolls
 e - a scroll of torment
 j - 2 scrolls of vulnerability
 n - 5 scrolls of amnesia
 o - 3 scrolls of teleportation
 r - 3 scrolls of butterflies
 t - a scroll of immolation
 u - a scroll of enchant armour
 w - a scroll of magic mapping {unknown}
 B - 2 scrolls of poison


   Skills:
 - Level 1.5 Dodging
 - Level 1.5 Stealth
 + Level 7.5 Shields
 - Level 8.0 Spellcasting
 - Level 10.0 Necromancy
 - Level 8.0 Invocations


You had 13 spell levels left.
You knew the following spells:

 Your Spells              Type           Power      Damage    Failure   Level
a - Necrotise             Necr           100%       1d9       1%          1
b - Vampiric Draining     Necr           74%        2d11      1%          3
c - Animate Dead          Necr           74%        N/A       1%          4
d - Anguish               Hex/Necr       25%        N/A       8%          4

Your spell library contained the following spells:

 Spells                   Type           Power      Damage    Failure   Level
 Agony                    Necr           74%        N/A       2%          5
 Apportation              Tloc           20%        N/A       6%          1
 Freeze                   Ice            40%        1d6       6%          1
 Ensorcelled Hibernation  Hex/Ice        20%        N/A       9%          2
 Passwall                 Tmut/Erth      8%         N/A       9%          2
 Dazzling Flash           Conj/Hex       20%        N/A       17%         3
 Frozen Ramparts          Ice            20%        1d4       17%         3
 Hailstorm                Conj/Ice       10%        3d5       17%         3
 Swiftness                Air            10%        N/A       17%         3
 Alistair's Intoxication  Tmut/Pois      6%         N/A       82%         5
 Silence                  Hex/Air        5%         N/A       82%         5
 Summon Hydra             Summ           5%         N/A       100%        7
 Chain Lightning          Conj/Air       5%         3d6       100%        9
 Fire Storm               Conj/Fire      5%         8d1       100%        9
 Shatter                  Erth           5%         3d8*      100%        9
 Sublimation of Blood     Necr           Unusable   N/A       N/A         2
 Wereblood                Tmut           Unusable   N/A       N/A         2
 Spider Form              Tmut/Pois      Unusable   N/A       N/A         3

Dungeon Overview and Level Annotations

Branches:
Dungeon (10/15) Zot: 26892  Temple (0/1) D:6
   Lair: D:8-11         Orc: D:9-12

Altars:
Fedhas
Makhleb
Okawaru
Trog
Uskayaw
Yredelemnul

Shops:
D:7 (   D:9 :


Innate Abilities, Weirdness & Mutations

You are immune to poison.
Your flesh is cold resistant. (rC+)
You are immune to negative energy. (rN+++)
You are immune to unholy pain and torment.
You are vulnerable to heat. (rF-)
You are in touch with the powers of death.
You do not drink.
You have a special connection with the divine. (Faith)


Message History

Makhleb accepts your kill.
The orc priest hits you but does no damage.
Your orc priest zombie hits the orc priest but does no damage.
The orc warrior unwields a +0 arbalest.
The orc warrior wields a +0 trident.
The orc warrior hits your orc priest zombie with a +0 trident!!
The orc warrior is wracked by anguish!!
The orc warrior dies!
Makhleb accepts your kill.
Unknown command.
You barely miss the orc priest.
The orc priest is heavily wounded.
Your orc warrior zombie misses the orc priest.
The orc priest mumbles some strange prayers to Beogh against you.
Beogh smites you!
* * * LOW HITPOINT WARNING * * *
You block the orc priest's attack.
Your orc priest zombie hits the orc priest but does no damage.
Your orc warrior zombie hits the orc priest.
The orc priest barely misses your orc priest zombie.
The orc priest miscasts a cantrip.
Unknown command.
You hit the orc priest.
The orc priest is almost dead.
Your orc priest zombie hits the orc priest but does no damage.
The orc priest hits you but does no damage.
The orc priest invokes the aid of Beogh against you.
Beogh smites you!
* * * LOW HITPOINT WARNING * * *
Your orc warrior zombie hits the orc priest but does no damage.
Unknown command.
Okay, then.
Unknown command.
Casting: Anguish (dangerous; 8% risk of failure)
Confirm with . or Enter, or press ? or * to list all spells.
Casting: Anguish (dangerous; 8% risk of failure)
Press: ? - help, Dir - look around, f - activate You feel a surge of power!
The orc priest is haunted by guilt!
The orc priest calls down the wrath of Beogh upon you.
Beogh smites you!
You die...

############...######
<...................#
....................#
....................#
....................#
..............!.....#
........Z...........#
......Z.............#
.....Z########..@Z###
.....Z# #..Zo#
......# #..)o#
......# #.<).#
.....Z###### #....#
####.Z...... .....#
#..............#
#..............#
#........


You could see 2 orc priests, a friendly orc warrior zombie and a friendly orc
priest zombie.

Vanquished Creatures
  Pikel (D:7)
  A troll (D:9)
  A steam dragon (D:3)
  2 orc warriors
  2 black bears (D:7)
  An ice beast (D:6)
  A sky beast (D:5)
  2 bullfrogs (D:7)
  A gnoll sergeant (D:7)
  4 scorpions
  6 killer bees (D:8)
  6 howler monkeys
  3 orc priests
  2 hounds (D:4)
  Jessica (D:2)
  A gnoll bouda (D:7)
  4 iguanas
  An orc wizard (D:8)
  10 gnolls
  6 adders
  2 white imps
  3 worms
  2 dart slugs (D:4)
  9 orcs
  6 ball pythons
  9 endoplasms
  2 giant cockroaches
  8 goblins
  9 hobgoblins
  4 quokkas
  5 bats
  A frilled lizard (D:1)
  6 kobolds
  5 rats
127 creatures vanquished.

Vanquished Creatures (collateral kills)
  3 yaks
  2 bullfrogs (D:8)
  5 wights (D:8)
  3 killer bees (D:8)
  2 howler monkeys (D:9)
  An orc priest (D:5)
  3 orc wizards
  A gnoll (D:7)
  2 white imps (D:6)
  9 orcs
  An endoplasm (D:1)
  2 goblins
  3 ball pythons
  A rat (D:1)
38 creatures vanquished.

Vanquished Creatures (others)
  Joseph (D:7)
  5 yaks
  3 steam dragons
  2 water moccasins
  Duvessa (D:7)
  3 orc warriors
  A black bear (D:7)
  An ogre (D:7)
  2 centaurs
  A necrophage (D:5)
  6 wights
  Dowan (D:7)
  2 yak zombies (D:9)
  2 killer bees (D:8)
  2 howler monkeys (D:7)
  A gnoll bouda (D:7)
  4 killer bee zombies (D:8)
  2 howler monkey zombies
  7 gnolls (D:7)
  7 orcs
  10 gnoll zombies
  3 orc zombies (D:10)
67 creatures vanquished.

Grand Total: 232 creatures vanquished

Notes
Turn   | Place    | Note
-------+----------+-------------------------------------------
     0 | D:1      | greynaab the Mummy Necromancer began the quest for the Orb.
     0 | D:1      | Reached XP level 1. HP: 13/13 MP: 4/4
   214 | D:1      | Reached XP level 2. HP: 19/19 MP: 4/6
   797 | D:1      | Gained mutation: You are in touch with the powers of death.
                  | [Mummy growth]
   797 | D:1      | Reached XP level 3. HP: 24/24 MP: 5/8
  1044 | D:1      | Learned a level 3 spell: Vampiric Draining
  1575 | D:2      | Found a burning altar of Makhleb.
  1583 | D:2      | Became a worshipper of Makhleb the Destroyer
  1652 | D:2      | Noticed Jessica
  1656 | D:2      | Killed Jessica
  1657 | D:2      | Reached skill level 5 in Necromancy
  1657 | D:2      | Reached XP level 4. HP: 22/30 MP: 5/10
  2054 | D:3      | Reached XP level 5. HP: 24/35 MP: 9/12
  2126 | D:3      | Found a faded altar of an unknown god.
  2219 | D:3      | Noticed a steam dragon
  2230 | D:3      | Killed a steam dragon
  2231 | D:3      | Reached skill level 5 in Spellcasting
  2231 | D:3      | Reached XP level 6. HP: 26/41 MP: 2/14
  2512 | D:3      | Found a blossoming altar of Fedhas.
  2530 | D:3      | Reached * piety under Makhleb
  2713 | D:3      | Learned a level 4 spell: Animate Dead
  2773 | D:4      | Reached skill level 6 in Necromancy
  3259 | D:4      | Reached XP level 7. HP: 46/46 MP: 8/16
  3305 | D:4      | Reached skill level 7 in Necromancy
  3563 | D:5      | Entered Level 5 of the Dungeon
  3715 | D:5      | Learned a level 4 spell: Anguish
  4161 | D:6      | Reached ** piety under Makhleb
  4162 | D:6      | Reached skill level 8 in Necromancy
  4216 | D:6      | Found a basalt altar of Yredelemnul.
  4218 | D:6      | Noticed a yak
  4218 | D:6      | Noticed a yak
  4220 | D:6      | Noticed a yak
  4230 | D:6      | Killed a yak
  4230 | D:6      | Killed a yak
  4231 | D:6      | Reached XP level 8. HP: 52/52 MP: 12/19
  4560 | D:6      | Found a staircase to the Ecumenical Temple.
  4699 | D:7      | Found Weagoded's Weapon Boutique.
  4820 | D:7      | Noticed Pikel
  4827 | D:7      | Killed Pikel
  4828 | D:7      | Reached skill level 9 in Necromancy
  4828 | D:7      | Reached skill level 5 in Invocations
  4828 | D:7      | Reached XP level 9. HP: 57/57 MP: 9/21
  5001 | D:7      | Reached skill level 1 in Shields
  5228 | D:7      | Noticed Joseph
  5239 | D:7      | Killed Joseph
  5511 | D:7      | Reached *** piety under Makhleb
  5519 | D:7      | Noticed Duvessa
  5536 | D:7      | Killed Duvessa
  5547 | D:7      | Noticed Dowan
  5562 | D:7      | Killed Dowan
  5781 | D:7      | Found a bloodstained altar of Trog.
  6241 | D:8      | Reached skill level 10 in Necromancy
  6247 | D:8      | Reached XP level 10. HP: 33/63 MP: 7/22
  6903 | D:8      | Reached **** piety under Makhleb
  7072 | D:8      | Reached skill level 5 in Shields
  7689 | D:9      | Identified the +2 helmet "Deul" {*Slow rC+ Int+7}
  7787 | D:9      | Found an iron altar of Okawaru.
  8078 | D:9      | Found a hide-covered altar of Uskayaw.
  8163 | D:9      | Found Atawe's Book Boutique.
  8221 | D:10     | Entered Level 10 of the Dungeon
  8326 | D:10     | Killed from afar by an orc priest

Illustrated notes

Levels and vault maps discovered:
D:1:      amcnicky_arrival_wind_blow, layout_basic
D:2:      layout_basic, basic_altar, uniq_jessica
D:3:      layout_basic, general_overflow_altar,
          hellmonk_ecumenical_altar_heavens_door, minmay_pentomino_pile
D:4:      layout_loops_ring, minmay_distorted
D:5:      layout_rooms
D:6:      layout_cave_pools, overflow_temple_1_default,
          lemuel_temple_firewalk_b, grunt_ministairs_8
D:7:      layout_basic, trog_ov_bears_minmay, serial_shops, shop, uniq_duvessa,
          uniq_joseph, uniq_pikel
D:8:      layout_rooms, nicolae_straight_to_the_point
D:9:      layout_loops_ring, mainiacjoe_overflow_boulevard, lemuel_tele_altar,
          serial_shops, kennysheep_little_box, serial_glass, glass_columns_b,
          glass_columns_b
D:10:     layout_irregular_city, vehumet_altar_wand_db

Skill      XL: |  1  2  3  4  5  6  7  8  9 10 |
---------------+-------------------------------+-----
Spellcasting   | 3 4 5 6 7 8 |  8.0
Necromancy     | 5 6 8 9 10 | 10.0
Invocations    | 2 5 7 8 |  8.0
Shields        | 3 7 |  7.5
Dodging        | |  1.5
Stealth        | |  1.5

Action                   |  1- 3 |  4- 6 |  7- 9 | 10-12 || total
-------------------------+-------+-------+-------+-------++-------
Melee: Mace              |     2 |       |       |       ||     2
       Quarterstaff      |     4 |       |    32 |     2 ||    38
       Whip              |       |     1 |       |       ||     1
       Staff             |       |       |     4 |    25 ||    29
       War axe           |       |       |       |    24 ||    24
Throw: Dart              |       |     8 |     8 |       ||    16
       Javelin           |       |     4 |     4 |       ||     8
       Throwing net      |       |     1 |       |       ||     1
       Boomerang         |       |       |     3 |       ||     3
 Cast: Necrotise         |    77 |    78 |    60 |    15 ||   230
       Vampiric Draining |     1 |    13 |    36 |    19 ||    69
       Animate Dead      |       |     1 |    10 |     4 ||    15
       Anguish           |       |       |    32 |    38 ||    70
Invok: Lesser Servant of |       |       |       |     1 ||     1
Evoke: Wand              |       |       |     1 |     1 ||     2
  Use: Scroll            |       |     5 |     4 |     3 ||    12
Armor: Robe              |     4 |     1 |     7 |     1 ||    13
       Steam dragon scal |       |       |       |    13 ||    13
Dodge: Dodged            |    13 |    22 |    41 |    46 ||   122
Block: Kite shield       |       |       |       |    34 ||    34

Table legend: (Time is in decaauts)
 A = Elapsed time spent in this place.
 B = Non-inter-level travel time spent in this place.
 C = Inter-level travel time spent in this place.
 D = Time resting spent in this place.
 E = Time spent auto-exploring this place.
 F = Levels seen in this place.
 G = Mean time per level.
                   A        B        C        D        E       F      G
               +--------+--------+--------+--------+--------+-----+--------+
         Total |   8352 |   8038 |    314 |    510 |   5881 |  10 |  835.2 |
       Dungeon |   8352 |   8038 |    314 |    510 |   5881 |  10 |  835.2 |
               +--------+--------+--------+--------+--------+-----+--------+

Top non-repeatable levels by time:
     D:7: 1359 daAuts
     D:1: 1046 daAuts
     D:9: 1040 daAuts
     D:8: 967 daAuts
     D:3: 846 daAuts
     D:2: 838 daAuts
     D:4: 833 daAuts
     D:6: 789 daAuts
     D:5: 524 daAuts
    D:10: 106 daAuts
